 Dungeon Crawl Stone Soup version 0.30-a0-883-g5ad918d77d (webtiles) character file.

Game seed: 361042891902204224

58195 Zdeegee the Thaumaturge (level 15, -4/113 HPs)
             Began as a Formicid Earth Elementalist on Mar 17, 2023.
             Was a High Priest of Vehumet.
             Slain by a sun demon (11 damage)
             ... summoned by an orc sorcerer
             ... on level 2 of the Orcish Mines.
             The game lasted 01:19:55 (26493 turns).

Zdeegee the Thaumaturge (FoEE)                     Turns: 26493, Time: 01:19:56

Health: -4/113     AC: 10    Str: 15    XL:     15   Next: 29%
Magic:  32/33      EV: 13    Int: 32    God:    Vehumet [*****.]
Gold:   1355       SH: 10    Dex: 12    Spells: 18/42 levels left

rFire   . . .      SeeInvis +    s - staff of earth
rCold   + . .      Faith    .    d - +0 buckler
rNeg    . . .      Spirit   .    R - +0 ring mail of Idealism {rElec rPois Int+6 Dex-2}
rPois   +          Reflect  +    (helmet unavailable)
rElec   +          Rampage  .    V - +0 cloak
rCorr   .                        x - +1 pair of gloves
Will    +....                    (no boots)
Stlth   +++                      h - amulet of reflection
HPRegen 0.38/turn                m - +6 ring of intelligence
MPRegen 0.23/turn                P - ring "Ijion" {rC+ SInv Stlth+}

@: very slightly contaminated
A: permanent stasis, dig shafts and tunnels, antennae 3, four strong arms
a: Dig, Shaft Self, Renounce Religion


You were on level 2 of the Orcish Mines.
You worshipped Vehumet.
Vehumet was extremely pleased with you.
You visited 3 branches of the dungeon, and saw 18 of its levels.
You also visited: Sewer and Bailey.

You collected 1355 gold pieces.

Inventory:

Hand Weapons
 e - a +2 vampiric short sword
Armour
 a - the +1 robe "Mogom" {rN+ Str+8 Dex+2 Stlth-}
   (You found it on level 4 of the Lair of Beasts)

   Str:       It affects your strength (+8).
   Dex:       It affects your dexterity (+2).
   rN:        It protects you from negative energy.
   Stlth:     It makes you less stealthy.
 d - a +0 buckler (worn)
 x - a +1 pair of gloves (worn)
 C - a +0 leather armour of cold resistance
 E - a +1 robe of willpower
 H - +2 steam dragon scales
 N - +0 acid dragon scales
 Q - the +5 ring mail of the Trout {rPois rF+ Will- Int+3}
   (You found it in a bailey)

   Int:       It affects your intelligence (+3).
   rF:        It protects you from fire.
   rPois:     It protects you from poison.
   Will:      It decreases your willpower.
 R - the +0 ring mail of Idealism (worn) {rElec rPois Int+6 Dex-2}
   (You found it in a bailey)

   Int:       It affects your intelligence (+6).
   Dex:       It affects your dexterity (-2).
   rElec:     It insulates you from electricity.
   rPois:     It protects you from poison.
 V - a +0 cloak (worn)
 Y - a +2 robe of cold resistance
Magical Staves
 s - a staff of earth (weapon)
Jewellery
 f - a ring of fire
 h - an amulet of reflection (around neck)
 m - a +6 ring of intelligence (left hand)
 t - a ring of poison resistance
 y - a ring of protection from cold
 G - an amulet of magic regeneration
 P - the ring "Ijion" (right hand) {rC+ SInv Stlth+}
   (You found it in a bailey)

   [ring of see invisible]

   rC:        It protects you from cold.
   SInv:      It lets you see invisible.
   Stlth:     It makes you more stealthy.
 X - a ring of ice
 Z - a ring of willpower
Wands
 p - a wand of roots (9)
 v - a wand of mindburst (8)
 z - a wand of charming (5)
 B - a wand of digging (15)
 J - a wand of flame (17)
Scrolls
 c - 2 scrolls of fear
 q - 7 scrolls of teleportation
 w - a scroll of immolation
 A - 6 scrolls of noise
 D - 5 scrolls of magic mapping
 F - a scroll of summoning
 I - a scroll of torment {unknown}
 K - 3 scrolls of enchant weapon
 O - 2 scrolls of fog
 T - a scroll of enchant armour
 U - 2 scrolls of silence
Potions
 b - 3 potions of magic
 g - 2 potions of flight
 i - 5 potions of lignification
 j - a potion of mutation
 k - a potion of cancellation
 l - 2 potions of heal wounds
 n - 4 potions of brilliance
 o - a potion of invisibility
 r - 2 potions of might
 u - 4 potions of curing
 L - a potion of resistance
 W - 3 potions of attraction
Miscellaneous
 M - a piece from Xom's chessboard (15/15)
 S - a lightning rod (4/4)


   Skills:
 * Level 9.0 Fighting
 + Level 1.2 Short Blades
 * Level 9.4 Armour
 * Level 8.0 Dodging
 + Level 3.9 Stealth
 + Level 6.9 Shields
 * Level 14.4 Spellcasting
 * Level 7.8 Conjurations
 * Level 9.7 Hexes
 + Level 2.3 Transmutations
 + Level 0.7 Fire Magic
 + Level 1.8 Air Magic
 + Level 10.7 Earth Magic
 + Level 2.1 Poison Magic
 + Level 1.5 Evocations


You had 18 spell levels left.
You knew the following spells:

 Your Spells              Type           Power      Damage    Failure   Level
a - Sandblast             Erth           100%       2d20      1%          1
b - Stone Arrow           Conj/Erth      100%       3d13      1%          3
c - Petrify               Tmut/Erth      78%        N/A       2%          4
d - Searing Ray           Conj           100%       2d8       1%          2
e - Poisonous Vapours     Pois/Air       70%        N/A       1%          2
f - Airstrike             Air            17%        2d(3-19)  5%          4
g - Inner Flame           Hex/Fire       54%        N/A       1%          3
h - Irradiate             Conj/Tmut      27%        3d20      4%          5

Your spell library contained the following spells:

 Spells                   Type           Power      Damage    Failure   Level
 Fireball                 Conj/Fire      25%        3d11      5%          5
 Beastly Appendage        Tmut           76%        N/A       1%          1
 Magic Dart               Conj           100%       1d8       1%          1
 Passwall                 Tmut/Erth      65%        N/A       1%          2
 Summon Guardian Golem    Hex/Summ       52%        N/A       1%          3
 Wereblood                Tmut           38%        N/A       2%          2
 Spider Form              Tmut/Pois      37%        N/A       4%          3
 Lightning Bolt           Conj/Air       26%        1d42      4%          5
 Sublimation of Blood     Necr           23%        N/A       6%          2
 Ozocubu's Armour         Ice            23%        N/A       12%         3
 Metabolic Englaciation   Hex/Ice        26%        N/A       16%         5
 Summon Mana Viper        Hex/Summ       52%        N/A       16%         5
 Summon Lightning Spire   Summ/Air       29%        N/A       26%         4
 Orb of Destruction       Conj           32%        9d10      32%         7
 Summon Forest            Summ/Tloc      11%        N/A       73%         5
 Spellforged Servitor     Conj/Summ      24%        N/A       82%         7
 Simulacrum               Ice/Necr       11%        N/A       99%         6
 Summon Cactus Giant      Summ           11%        N/A       99%         6
 Storm Form               Tmut/Air       18%        N/A       100%        7
 Maxwell's Capacitive Co  Air            17%        ∞         100%        8


Dungeon Overview and Level Annotations

Branches:
Dungeon (11/15)            Temple (0/1) D:6            Lair (5/5) D:9
  Swamp (0/4) Lair:2       Spider (0/4) Lair:3        Slime (0/5) Lair:5
    Orc (2/2) D:10          Sewer (visited)          Bailey (visited)
    Elf: Orc:2

Altars:
Ashenzari
Fedhas
Gozag
Kikubaaqudgha
Makhleb
Nemelex Xobeh
Okawaru
Ru
Sif Muna
Trog
Uskayaw
Vehumet
Wu Jian
Zin
Jiyva

Shops:
D:6 (

Annotations:
D:9 3 runed translucent doors, porpoise's ghost, novice GrEE
D:10 exclusion: orange crystal statue
Lair:3 1 runed translucent door, baller8008's ghost, journeyman MiFi
Orc:2 Donald


Innate Abilities, Weirdness & Mutations

You cannot be hasted, slowed, berserked, paralysed or teleported.
You can dig through walls and to a lower floor.
You have a pair of large antennae on your head. (SInv)
Your four strong arms can wield two-handed weapons with a shield.


Message History

The orc knight roars a battlecry!
The orc sorcerer goes into a battle-frenzy!
The orc sorcerer mumbles some strange words.
The orc warrior misses you. The orc warrior closely misses you.
You block Donald's attack.
You hear a shout! x2
Unknown command.
Donald attacks as you move away! Donald hits you with a +0 scimitar.
* * * LOW HITPOINT WARNING * * *
The two-headed ogre barely misses you.
The two-headed ogre hits you with a +0 giant club.
* * * LOW HITPOINT WARNING * * *
The orc sorcerer gestures wildly while chanting.
The orc warrior hits you with a +0 mace.
* * * LOW HITPOINT WARNING * * *
The orc warrior closely misses you.
You see here a +0 flail.
You feel much better. You block the orc's attack.
An orc comes into view. It is wielding a +0 dagger.
The orc warrior hits you with a +0 mace!
The orc warrior hits you with a +0 scimitar!!
* * * LOW HITPOINT WARNING * * *
Donald mumbles some strange words.
Donald seems to grow stronger.
Unknown command.
You feel much better.
The two-headed ogre hits you with a +0 giant spiked club!
* * * LOW HITPOINT WARNING * * *
The two-headed ogre hits you with a +0 giant club.
* * * LOW HITPOINT WARNING * * *
The orc hits you but does no damage.
The orc warrior hits you with a +0 mace!
* * * LOW HITPOINT WARNING * * *
You block the orc warrior's attack.
Donald casts a spell.
Donald seems to speed up.
You feel much better. The sun demon hits you!
* * * LOW HITPOINT WARNING * * *
You are engulfed in flames!
You die...

≈≈ .# #.# ###
.##..##.##
.......<.# .
..4......## ...
#...3[o.#....
.##.ooO@o....#
.....o@oo...##
......o[)....#
.o.....[[)...#
.....o.[......#
......##.....#.
.o...$ .....$.
$..... .......
...... $......


You could see Donald (fast, strong, misshapen, reflecting), an orc knight, a
two-headed ogre, a sun demon (summoned), a rust devil (summoned), an orc
sorcerer (strong), 4 orc warriors and 5 orcs.

Vanquished Creatures
  Gastronok (D:8)
  Nessos (Lair:3)
  Fannar (Lair:3)
  3 hydras
  3 catoblepae (Lair:5)
  5 two-headed ogres
  14 death yaks
  Nergalle (Lair:3)
  A pharaoh ant (Lair:3)
  2 skysharks
  2 lindwurms
  3 orc knights
  A deep elf pyromancer (Bailey)
  An orc sorcerer (Orc:1)
  2 manticores (Lair:5)
  8 elephants
  6 black mambas
  10 cane toads
  Maggie (D:7)
  2 rime drakes
  8 komodo dragons
  4 trolls
  A hornet (D:11)
  A tyrant leech (Lair:2)
  4 dream sheep (Lair:3)
  2 tarantellas (Lair:3)
  12 blink frogs
  3 slime creatures (Lair:5)
  2 jumping spiders (Lair:3)
  Sigmund (D:6)
  54 yaks
  4 wyverns
  3 vampire mosquitoes (D:11)
  3 basilisks
  3 steam dragons
  2 swamp worms (Lair:2)
  An acid dragon (D:8)
  14 water moccasins
  Duvessa (D:7)
  17 orc warriors
  3 black bears
  5 ogres
  16 wolves
  2 centaurs
  A phantom (D:5)
  A kobold brigand (D:8)
  13 bullfrogs
  A scorpion (D:5)
  17 wights
  Dowan (D:7)
  An electric eel (D:9)
  3 howler monkeys (D:8)
  6 hounds
  11 orc priests
  5 jellies
  A gnoll bouda (D:5)
  A sleepcap (D:4)
  18 orc wizards
  7 hell rats (Lair:3)
  11 gnolls
  13 adders
  A river rat (D:6)
  2 shadow imps
  2 white imps
  An ufetubus (D:4)
  3 dart slugs
  A worm (D:2)
  52 orcs
  12 ball pythons
  8 bats
  16 endoplasms
  16 giant cockroaches
  7 goblins
  11 hobgoblins
  2 jackals (D:1)
  9 quokkas
  14 frilled lizards
  12 kobolds
  6 rats
520 creatures vanquished.

Vanquished Creatures (collateral kills)
  An elephant (Lair:5)
  2 blink frogs (Lair:1)
3 creatures vanquished.

Vanquished Creatures (others)
  A blink frog (Lair:1)
  A kobold (D:8)
  A bush (D:10)
  53 fungi
  60 plants
116 creatures vanquished.

Grand Total: 639 creatures vanquished

Notes
Turn   | Place    | Note
-------+----------+-------------------------------------------
     0 | D:1      | Zdeegee the Formicid Earth Elementalist began the quest for
                  | the Orb.
     0 | D:1      | Reached XP level 1. HP: 13/13 MP: 3/3
   237 | D:1      | Reached XP level 2. HP: 19/19 MP: 1/5
   689 | D:1      | Found a faded altar of an unknown god.
   787 | D:1      | Reached XP level 3. HP: 25/25 MP: 3/6
   791 | D:1      | Learned a level 3 spell: Stone Arrow
  1540 | D:2      | Reached skill level 1 in Fighting
  1615 | D:2      | Reached XP level 4. HP: 32/32 MP: 4/8
  1829 | D:2      | Reached skill level 1 in Armour
  1874 | D:2      | Reached skill level 1 in Conjurations
  2122 | D:3      | Reached skill level 3 in Spellcasting
  2397 | D:3      | Found a hide-covered altar of Uskayaw.
  2463 | D:3      | Reached skill level 1 in Shields
  2463 | D:3      | Reached XP level 5. HP: 20/37 MP: 3/9
  2669 | D:3      | Found an ancient bone altar of Kikubaaqudgha.
  2675 | D:3      | Found a shimmering blue altar of Sif Muna.
  2677 | D:3      | Found a radiant altar of Vehumet.
  2686 | D:3      | Got Vehumet's Vellum of Trauma
  2706 | D:3      | Became a worshipper of Vehumet
  3010 | D:4      | Reached skill level 1 in Hexes
  3010 | D:4      | Reached XP level 6. HP: 43/43 MP: 1/11
  4112 | D:4      | Reached skill level 5 in Earth Magic
  4325 | D:5      | Entered Level 5 of the Dungeon
  4392 | D:5      | Reached skill level 4 in Spellcasting
  4452 | D:5      | Reached XP level 7. HP: 26/49 MP: 0/13
  4572 | D:5      | Found an ornate altar of the Wu Jian Council.
  5089 | D:5      | Reached * piety under Vehumet
  5089 | D:5      | Offered knowledge of Shock by Vehumet.
  5321 | D:5      | Reached XP level 8. HP: 30/57 MP: 1/15
  5349 | D:6      | Found a staircase to the Ecumenical Temple.
  5364 | D:6      | Found Boonk's Weapon Boutique.
  5463 | D:6      | Found a glowing drain.
  5491 | Sewer    | Entered a sewer
  5644 | Sewer    | Learned a level 4 spell: Petrify
  5720 | Sewer    | Offered knowledge of Searing Ray by Vehumet.
  5724 | Sewer    | Learned a level 2 spell: Searing Ray
  5750 | Sewer    | Reached ** piety under Vehumet
  5890 | Sewer    | Reached skill level 5 in Spellcasting
  6095 | D:6      | Found a broken altar of Ashenzari.
  6187 | D:6      | Noticed Sigmund
  6193 | D:6      | Killed Sigmund
  6620 | D:6      | Found an opulent altar of Gozag.
  6621 | D:6      | Found a glowing silver altar of Zin.
  6859 | D:6      | Offered knowledge of Poisonous Vapours by Vehumet.
  7017 | D:6      | Reached XP level 9. HP: 63/63 MP: 14/17
  7095 | D:6      | Learned a level 2 spell: Poisonous Vapours
  7213 | D:7      | Reached skill level 6 in Spellcasting
  7514 | D:7      | Noticed Maggie
  7520 | D:7      | Killed Maggie
  7647 | D:7      | Reached skill level 1 in Short Blades
  7760 | D:7      | Reached skill level 1 in Poison Magic
  7869 | D:7      | Reached *** piety under Vehumet
  8435 | D:7      | Found a bloodstained altar of Trog.
  8435 | D:7      | Noticed Duvessa
  8436 | D:7      | Noticed Dowan
  8445 | D:7      | Killed Duvessa
  8446 | D:7      | Reached skill level 7 in Spellcasting
  8552 | D:7      | Killed Dowan
  8553 | D:7      | Reached XP level 10. HP: 72/72 MP: 15/20
  8677 | D:8      | Noticed Gastronok
  8693 | D:8      | Killed Gastronok
  8694 | D:8      | Reached skill level 5 in Shields
  8694 | D:8      | Reached skill level 1 in Evocations
  8782 | D:8      | Found a blossoming altar of Fedhas.
  8996 | D:8      | Offered knowledge of Dazzling Flash by Vehumet.
  8997 | D:8      | Reached skill level 5 in Fighting
  8998 | D:8      | Reached skill level 8 in Spellcasting
  9426 | D:9      | Found a runed translucent gate.
  9427 | D:9      | Noticed porpoise's ghost (novice GrEE)
  9640 | D:9      | Found a sacrificial altar of Ru.
  9761 | D:9      | Reached skill level 5 in Armour
  9938 | D:9      | Reached **** piety under Vehumet
  9939 | D:9      | Reached skill level 5 in Hexes
 10035 | D:9      | Found a runed translucent gate.
 10036 | D:9      | Found a runed translucent gate.
 10081 | D:9      | Reached XP level 11. HP: 80/80 MP: 19/23
 10129 | D:9      | Found a staircase to the Lair.
 10446 | D:9      | Reached skill level 9 in Spellcasting
 10552 | D:9      | Offered knowledge of Inner Flame by Vehumet.
 10810 | D:10     | Entered Level 10 of the Dungeon
 10946 | D:10     | Noticed an orange crystal statue
 10957 | D:10     | Noticed a two-headed ogre
 10958 | D:10     | Noticed a two-headed ogre
 11108 | D:10     | Found a flagged portal.
 11122 | Bailey   | Entered a bailey
 11364 | Bailey   | Learned a level 4 spell: Airstrike
 11390 | Bailey   | Learned a level 3 spell: Inner Flame
 11474 | Bailey   | Found a large runed translucent door.
 11474 | Bailey   | Found a large runed translucent door.
 11475 | Bailey   | Noticed a deep elf pyromancer
 11490 | Bailey   | Noticed an orc knight
 11497 | Bailey   | Killed an orc knight
 11695 | Bailey   | Killed a deep elf pyromancer
 11696 | Bailey   | Reached skill level 10 in Spellcasting
 11696 | Bailey   | Reached skill level 1 in Air Magic
 11705 | Bailey   | Identified the ring "Ijion" {rC+ SInv Stlth+}
 11709 | Bailey   | Identified the +5 ring mail of the Trout {rPois rF+ Will-
                  | Int+3}
 11718 | Bailey   | Identified the +0 ring mail of Idealism {rElec rPois Int+6
                  | Dex-2}
 11872 | D:10     | Found a burning altar of Makhleb.
 11872 | D:10     | Found an iron altar of Okawaru.
 11872 | D:10     | Found a sparkling altar of Nemelex Xobeh.
 11918 | D:10     | Killed a two-headed ogre
 11975 | D:10     | Killed a two-headed ogre
 12097 | D:10     | Noticed a two-headed ogre
 12102 | D:10     | Killed a two-headed ogre
 12103 | D:10     | Reached XP level 12. HP: 88/88 MP: 17/26
 12167 | D:10     | Reached skill level 5 in Conjurations
 12270 | D:10     | Reached skill level 5 in Dodging
 12274 | D:10     | Reached ***** piety under Vehumet
 12274 | D:10     | Offered knowledge of Irradiate by Vehumet.
 12414 | D:10     | Noticed a two-headed ogre
 12420 | D:10     | Killed a two-headed ogre
 12499 | D:10     | Found a staircase to the Orcish Mines.
 13230 | D:11     | Noticed a two-headed ogre
 13239 | D:11     | Killed a two-headed ogre
 13897 | Lair:1   | Entered Level 1 of the Lair of Beasts
 14385 | Lair:1   | You fall into a shaft and drop 1 floor!
 14622 | Lair:1   | Reached skill level 11 in Spellcasting
 14787 | Lair:1   | Reached XP level 13. HP: 44/96 MP: 14/28
 15013 | Lair:1   | Learned a level 5 spell: Irradiate
 15740 | Lair:2   | Identified a scroll of acquirement
 15742 | Lair:2   | Acquired a staff of earth
 16066 | Lair:2   | Found a staircase to the Swamp.
 16072 | Lair:2   | You fall into a shaft and drop 1 floor!
 16072 | Lair:3   | Noticed an eight-headed hydra
 16826 | Lair:3   | Identified the +6 short sword of Royalism {flame, rC+ Str-2
                  | Int+2}
 16832 | Lair:3   | Killed an eight-headed hydra
 16971 | Lair:3   | Offered knowledge of Fulminant Prism by Vehumet.
 17101 | Lair:3   | Reached skill level 12 in Spellcasting
 17131 | Lair:3   | Noticed Fannar
 17150 | Lair:3   | Killed Fannar
 17321 | Lair:3   | Found a hole to the Spider Nest.
 17412 | Lair:3   | Noticed Nergalle
 17429 | Lair:3   | You fall into a shaft and drop 2 floors!
 17429 | Lair:5   | Entered Level 5 of the Lair of Beasts
 17595 | Lair:5   | Noticed an eight-headed hydra
 17607 | Lair:5   | Killed an eight-headed hydra
 17748 | Lair:5   | Noticed a six-headed hydra
 17758 | Lair:5   | Killed a six-headed hydra
 17980 | Lair:5   | Reached skill level 10 in Earth Magic
 18521 | Lair:5   | Noticed a catoblepas
 18534 | Lair:5   | Killed a catoblepas
 18535 | Lair:5   | Reached XP level 14. HP: 70/105 MP: 12/30
 19314 | Lair:4   | Reached skill level 13 in Spellcasting
 20247 | Lair:4   | Identified the +1 robe "Mogom" {rN+ Str+8 Dex+2 Stlth-}
 21066 | Lair:5   | Offered knowledge of Iron Shot by Vehumet.
 21442 | Lair:5   | Found a staircase to the Slime Pits.
 21442 | Lair:5   | Found a viscous altar of Jiyva.
 23608 | Lair:3   | Killed Nergalle
 23852 | Lair:3   | Reached skill level 14 in Spellcasting
 24131 | Lair:3   | Reached XP level 15. HP: 85/112 MP: 22/33
 24249 | Lair:3   | Noticed Nessos
 24251 | Lair:3   | Killed Nessos
 24407 | Lair:3   | Found a runed translucent door.
 24408 | Lair:3   | Noticed baller8008's ghost (journeyman MiFi)
 25547 | Orc:1    | Entered Level 1 of the Orcish Mines
 25554 | Orc:1    | Offered knowledge of Fireball by Vehumet.
 26295 | Orc:2    | Entered Level 2 of the Orcish Mines
 26302 | Orc:2    | Noticed Donald
 26493 | Orc:2    | Slain by a sun demon

Illustrated notes

Levels and vault maps discovered:
D:1:      co_arrival_square_in_a_square_in_a_square, layout_loops_ring,
          shapermc_ecumenical_altar_starsandcircs, minmay_misc_feat_tiny,
          minmay_crystal_room
D:2:      layout_basic, bh_walls_and_bars
D:3:      layout_basic, grunt_temple_overflow_magic_moments,
          eat_drink_and_be_merry_uskayaw
D:4:      layout_layer_cave
D:5:      layout_gridville, amcnicky_altar_gilded
D:6:      layout_gridville, grunt_temple_overflow_gold_and_silver,
          old_standard_altar, temple_fountains, gup_sewer_entry_bowl,
          serial_shops, kennysheep_mini, nicolae_elevator_lobby_asterisk,
          uniq_sigmund
D:7:      layout_loops_ring, trog_hazing_becter, uniq_duvessa, uniq_maggie
D:8:      layout_loops_cross, mainiacjoe_overflow_cross_hatched, uniq_gastronok
D:9:      layout_loops_ring, nicolae_ru_great_annihilating_truth,
          erik_lair_island, biasface_ghost_orc_armoury
D:10:     layout_irregular_city, gammafunk_temple_overflow_forgotten,
          david_orc_3, enter_bailey_3, minmay_statue_bubble
D:11:     layout_roguey
Lair:1:   layout_loops_ring, infiniplex_staircase_pool_2, grunt_megastairs_1,
          serial_bayou_shore_b
Lair:2:   layout_roguey, minmay_swamp_entry_worms, grunt_megastairs_4
Lair:3:   layout_long_grid, nicolae_spider_entry_lesser_pyramids,
          ebering_ghost_inner_flame, uniq_nessos, uniq_nergalle, uniq_fannar
Lair:4:   layout_layer_cave
Lair:5:   evilmike_catoblepas_cave, layout_cave_shapes,
          minmay_slime_entry_pillars
Orc:1:    layout_caves
Orc:2:    kennysheep_orc_mage_school, layout_caves, hellmonk_bongcloud_opening,
          uniq_donald

Skill      XL: |  1  2  3  4  5  6  7  8  9 10 11 12 13 14 15 |
---------------+----------------------------------------------+-----
Earth Magic    | 4 5 6 7 8 9 10 | 10.7
Fighting       | 1 2 3 4 5 6 7 8 9 |  9.0
Armour         | 1 2 3 5 6 7 8 9 |  9.4
Conjurations   | 1 2 3 4 5 6 7 |  7.8
Spellcasting   | 3 4 5 7 8 10 11 12 14 | 14.4
Dodging        | 2 3 4 6 7 8 |  8.0
Shields        | 1 2 3 4 5 6 |  6.9
Hexes          | 1 2 3 5 7 8 9 |  9.7
Stealth        | 3 |  3.9
Short Blades   | 1 |  1.2
Poison Magic   | 1 2 |  2.1
Evocations     | 1 |  1.5
Air Magic      | 1 |  1.8
Transmutations | 2 |  2.3
Fire Magic     | |  0.7

Action                     |  1- 3 |  4- 6 |  7- 9 | 10-12 | 13-15 || total
---------------------------+-------+-------+-------+-------+-------++-------
  Melee: Short sword       |    14 |    34 |     6 |     8 |     1 ||    63
         Staff             |       |       |       |       |     3 ||     3
   Cast: Sandblast         |    45 |    42 |   103 |   118 |   172 ||   480
         Stone Arrow       |       |    22 |    63 |   166 |   365 ||   616
         Poisonous Vapours |       |       |    14 |    19 |     8 ||    41
         Petrify           |       |       |     1 |    19 |    12 ||    32
         Inner Flame       |       |       |       |     7 |     7 ||    14
         Airstrike         |       |       |       |     3 |    16 ||    19
         Irradiate         |       |       |       |       |     9 ||     9
Ability: Dig               |       |       |       |     3 |     3 ||     6
         Shaft Self        |       |       |       |     1 |     2 ||     3
  Evoke: Wand              |       |       |     4 |    19 |    12 ||    35
         Piece from Xom's  |       |       |       |       |     2 ||     2
         Lightning rod     |       |       |       |       |     3 ||     3
    Use: Scroll            |       |     5 |     5 |     4 |    12 ||    26
         Potion            |       |     2 |       |     1 |     5 ||     8
   Stab: Sleeping          |       |       |       |     1 |       ||     1
 Armour: Robe              |     5 |     1 |    11 |       |       ||    17
         Steam dragon scal |       |       |     5 |    12 |       ||    17
         Ring mail         |       |       |       |    13 |    98 ||   111
         Skin              |       |       |       |       |     1 ||     1
  Dodge: Dodged            |    17 |    24 |    32 |    76 |   166 ||   315
  Block: Other             |     1 |     7 |    18 |       |       ||    26
         Reflection        |       |       |     2 |    10 |     9 ||    21
         Buckler           |       |       |       |    77 |   172 ||   249

Table legend: (Time is in decaauts)
 A = Elapsed time spent in this place.
 B = Non-inter-level travel time spent in this place.
 C = Inter-level travel time spent in this place.
 D = Time resting spent in this place.
 E = Time spent auto-exploring this place.
 F = Levels seen in this place.
 G = Mean time per level.
                   A        B        C        D        E       F      G
               +--------+--------+--------+--------+--------+-----+--------+
         Total |  26830 |  25950 |    880 |   4560 |  17030 |  20 | 1341.5 |
       Dungeon |  12911 |  12365 |    546 |    829 |   9598 |  11 | 1173.7 |
          Lair |  11702 |  11388 |    314 |   3199 |   6342 |   5 | 2340.4 |
  Orcish Mines |    949 |    931 |     18 |    226 |    606 |   2 |  474.5 |
         Sewer |    585 |    585 |      0 |      4 |    328 |   1 |  585.0 |
        Bailey |    681 |    681 |      0 |    302 |    154 |   1 |  681.0 |
               +--------+--------+--------+--------+--------+-----+--------+

Top non-repeatable levels by time:
  Lair:4: 3176 daAuts
  Lair:5: 3136 daAuts
  Lair:3: 2311 daAuts
  Lair:2: 1745 daAuts
     D:4: 1606 daAuts
     D:9: 1449 daAuts
     D:6: 1429 daAuts
     D:7: 1410 daAuts
    D:10: 1369 daAuts
  Lair:1: 1332 daAuts
     D:2: 1189 daAuts
     D:8: 965 daAuts
   Orc:1: 930 daAuts
    D:11: 919 daAuts
     D:1: 916 daAuts
